 Dungeon Crawl Stone Soup version 0.29-a0-330-g52719c12eb (webtiles) character file.

Game seed: 11822423757824078053

67 mopl the Twirler (level 3, 0/29 HPs)
             Began as a Palentonga Gladiator on Apr 15, 2022.
             Killed from afar by Natasha (4 damage)
             ... with a magic dart
             ... on level 2 of the Dungeon.
             The game lasted 00:01:33 (875 turns).

mopl the Twirler (Palentonga Gladiator)              Turns: 875, Time: 00:01:33

Health: 0/29       AC:  5    Str: 19    XL:     3   Next: 98%
Magic:  3/3        EV: 10    Int:  8    God:
Gold:   81         SH:  0    Dex: 11    Spells: 2/2 levels left

rFire   . . .      SeeInvis +   a - +0 quarterstaff
rCold   . . .      Faith    .   (shield currently unavailable)
rNeg    . . .      Spirit   .   b - +0 leather armour
rPois   .          Reflect  .   c - +0 helmet
rElec   .          Harm     .   (no cloak)
rCorr   .          Rampage  .   (no gloves)
Will    .....                   (no barding)
Stlth   +.........              (no amulet)
HPRegen 0.09/turn               (no ring)
MPRegen 0.08/turn               (no ring)

@: no status effects
A: large, rugged brown scales 3, see invisible, deformed body, roll 1, armoured
tail
a: Rolling Charge


You were on level 2 of the Dungeon.
You visited 1 branch of the dungeon, and saw 2 of its levels.

You collected 81 gold pieces.

Inventory:

Hand Weapons
 a - a +0 quarterstaff (weapon)
Missiles
 d - 3 throwing nets (quivered)
 e - a javelin
 k - 33 stones
Armour
 b - a +0 leather armour (worn)
 c - a +0 helmet (worn)
Scrolls
 g - a scroll of fog {unknown}
 j - a scroll of blinking {unknown}
 l - a scroll of noise {unknown}
 m - a scroll of summoning {unknown}
 n - a scroll of immolation {unknown}
 o - a scroll of silence {unknown}
Potions
 f - 3 potions of heal wounds {unknown}
 h - a potion of curing {unknown}
 i - a potion of haste {unknown}


   Skills:
 + Level 2.4 Fighting
 * Level 3.7 Staves
 + Level 1.7 Throwing
 + Level 1.0 Armour
 + Level 2.8 Dodging


You had 2 spell levels left.
You didn't know any spells.
Your spell library contained the following spells:

 Spells                   Type           Power      Damage    Failure   Level
 Pain                     Necr           0%         1d4       45%         1
 Agony                    Necr           0%         N/A       100%        5
 Excruciating Wounds      Necr           0%         N/A       100%        5


Dungeon Overview and Level Annotations

Branches:
Dungeon (2/15)

Altars:
Makhleb
Vehumet

Annotations:
D:2 Natasha


Innate Abilities, Weirdness & Mutations

You are completely covered in rugged brown scales. (AC +3, +7% HP)
You have supernaturally acute eyesight. (SInv)
Armour fits poorly on your strangely shaped body.
You can roll at nearby foes to attack.
You have a long armoured tail.


Message History

The crimson imp hits you but does no damage.
You miss the crimson imp.
The crimson imp is lightly wounded.
Natasha claws you. The crimson imp closely misses you.
You are too injured to fight recklessly!
You are too injured to fight recklessly!
You are too injured to fight recklessly!
You are too injured to fight recklessly!
You are too injured to fight recklessly!
You are too injured to fight recklessly!
You are too injured to fight recklessly!
You are too injured to fight recklessly!
You are too injured to fight recklessly!
You are too injured to fight recklessly!
You are too injured to fight recklessly!
You are too injured to fight recklessly!
Unknown command.
You closely miss Natasha.
Your tail-slap misses Natasha.
Natasha claws you. The crimson imp barely misses you.
You completely miss Natasha. Natasha barely misses you.
The crimson imp hits you but does no damage.
You barely miss Natasha.
You tail-slap Natasha, but do no damage.
Natasha stares at you and mumbles some strange words.
The magic dart hits you.
* * * LOW HITPOINT WARNING * * *
The crimson imp hits you but does no damage.
Natasha barely misses you.
You barely miss Natasha. The crimson imp barely misses you. Natasha claws you.
* * * LOW HITPOINT WARNING * * *
You closely miss Natasha.
The crimson imp blinks!
Natasha barely misses you.
Unknown command.
You closely miss Natasha. The shadow imp closely misses you. Natasha claws you.
* * * LOW HITPOINT WARNING * * *
Unknown command.
You closely miss Natasha.
The shadow imp hits you but does no damage.
Natasha stares at you and mumbles some strange words.
The magic dart hits you.
You die...

..#. #....... ..#.
#....... ...
+.......
##.###+#####.......
...............####
## #................
.. +.......).......)
#.##.<..............
#.5@#...########.†..
###h#............).†
#5###...........##
#.# #...........#
#.# #...........#
#.# #...........#
..# #...........#
#####...........#
#............#


You could see Natasha, a crimson imp (summoned) and a shadow imp (summoned).

Vanquished Creatures
  3 adders (D:2)
  5 endoplasms
  3 giant cockroaches
  3 goblins
  4 hobgoblins
  3 jackals (D:1)
  2 quokkas (D:2)
  4 ball pythons
  3 bats
  2 frilled lizards
  A kobold (D:2)
  4 rats
37 creatures vanquished.

Vanquished Creatures (others)
  5 fungi (D:1)
  5 plants (D:1)
10 creatures vanquished.

Grand Total: 47 creatures vanquished

Notes
Turn   | Place    | Note
-------+----------+-------------------------------------------
     0 | D:1      | mopl the Palentonga Gladiator began the quest for the Orb.
     0 | D:1      | Reached XP level 1. HP: 17/17 MP: 1/1
   138 | D:1      | Reached XP level 2. HP: 20/23 MP: 2/2
   442 | D:1      | Found a faded altar of an unknown god.
   449 | D:1      | Prayed at the altar of an unknown god.
   449 | D:1      | Became a worshipper of Makhleb the Destroyer
   449 | D:1      | Reached * piety under Makhleb
   548 | D:1      | Fell from the grace of Makhleb
   678 | D:1      | Found a radiant altar of Vehumet.
   764 | D:2      | Reached XP level 3. HP: 25/28 MP: 3/3
   828 | D:2      | Reached skill level 1 in Armour
   862 | D:2      | Noticed Natasha
   875 | D:2      | Killed from afar by Natasha

Illustrated notes

Levels and vault maps discovered:
D:1:      dpeg_arrival_water_altar, layout_loops_cross,
          dreamdust_ecumenical_altar_hidden_monk_grotto, chequers_garden
D:2:      layout_basic, minmay_heptomino_l4, uniq_natasha, uniq_sigmund

Skill      XL: |  1  2  3 |
---------------+----------+-----
Armour         | 1 |  1.0
Fighting       | |  2.4
Staves         | |  3.7
Throwing       | |  1.7
Dodging        | |  2.8

Action                   || total
-------------------------++-------
Melee: Quarterstaff      ||    96
       Tailslap          ||    10
Invok: Renounce Religion ||     1
 Abil: Rolling Charge    ||     7
Armor: Leather armour    ||    51
Dodge: Dodged            ||    68

Table legend: (Time is in decaauts)
 A = Elapsed time spent in this place.
 B = Non-inter-level travel time spent in this place.
 C = Inter-level travel time spent in this place.
 D = Time resting spent in this place.
 E = Time spent auto-exploring this place.
 F = Levels seen in this place.
 G = Mean time per level.
                   A        B        C        D        E       F      G
               +--------+--------+--------+--------+--------+-----+--------+
         Total |    891 |    842 |     49 |      0 |    640 |   2 |  445.5 |
       Dungeon |    891 |    842 |     49 |      0 |    640 |   2 |  445.5 |
               +--------+--------+--------+--------+--------+-----+--------+

Top non-repeatable levels by time:
     D:1: 740 daAuts
     D:2: 150 daAuts
